 Dungeon Crawl Stone Soup version 0.31-a0-981-geadf994542 (webtiles) character file.

Game seed: 13959260938952310976

67 AIAndy the Nimble (level 4, -4/32 HPs)
             Began as a Gnoll Wanderer on Nov 1, 2023.
             Slain by Grinder (6 damage)
             ... while paralysed by Grinder
             ... on level 3 of the Dungeon.
             The game lasted 00:04:03 (1902 turns).

AIAndy the Nimble (Gnoll Wanderer)                  Turns: 1902, Time: 00:04:04

Health: -4/32      AC:  3    Str: 13    XL:     4   Next: 16%
Magic:  6/6        EV:  2    Int: 10    God:
Gold:   63         SH:  0    Dex: 13    Spells: 2/5 levels left

rFire   . . .        m - +3 short sword (drain)
rCold   . . .        (no shield)
rNeg    . . .        c - +0 leather armour
rPois   .            (no helmet)
rElec   .            (no cloak)
rCorr   .            (no gloves)
SInv    .            (no boots)
Will    .....        (no amulet)
Stlth   +            (no ring)
HPRegen 0.25/turn    (no ring)
MPRegen 0.10/turn

%: no passive effects
@: paralysed, mighty, on berserk cooldown, slowed
A: fangs 1, strong nose, distributed training
a: no special abilities


You were on level 3 of the Dungeon.
You visited 1 branch of the dungeon, and saw 3 of its levels.

You collected 63 gold pieces.


Innate Abilities, Weirdness & Mutations

You have very sharp teeth.
Your uncanny sense of smell can sniff out nearby items.
Your experience applies equally to all skills.


   Skills:
 + Level 1.1 Fighting
 + Level 1.1 Short Blades
 + Level 4.6 Long Blades
 + Level 1.1 Axes
 + Level 1.1 Maces & Flails
 + Level 1.1 Polearms
 + Level 1.1 Staves
 + Level 1.1 Ranged Weapons
 + Level 1.1 Throwing
 + Level 2.7 Armour
 + Level 10.4 Dodging
 + Level 1.1 Stealth
 + Level 1.1 Shields
 + Level 1.1 Unarmed Combat
 + Level 1.1 Spellcasting
 + Level 0.8 Conjurations
 + Level 0.8 Hexes
 + Level 0.8 Summonings
 + Level 0.8 Necromancy
 + Level 0.8 Translocations
 + Level 0.8 Transmutations
 + Level 0.8 Fire Magic
 + Level 0.8 Ice Magic
 + Level 0.8 Air Magic
 + Level 0.8 Earth Magic
 + Level 0.8 Poison Magic
 + Level 2.8 Invocations
 + Level 2.7 Evocations
 + Level 1.0 Shapeshifting


You had 2 spell levels left.
You knew the following spells:

 Your Spells              Type           Power      Damage    Failure   Level
o - Ozocubu's Armour      Ice            2%         N/A       67%         3

Your spell library contained the following spells:

 Spells                   Type           Power      Damage    Failure   Level
 Apportation              Tloc           4%         N/A       30%         1
 Necrotise                Necr           8%         1d4       30%         1
 Summon Small Mammal      Summ           8%         N/A       30%         1
 Ozocubu's Refrigeration  Ice            1%         4d7       100%        7

Inventory:

Hand Weapons
 a - a +0 falchion
 m - a +3 short sword of draining (weapon)
Missiles
 b - 2 throwing nets (quivered) {=f}
Armour
 c - a +0 leather armour (worn)
Scrolls
 e - a scroll of fog
 g - a scroll of immolation {unknown}
 h - a scroll of enchant armour {unknown}
 i - a scroll of identify {unknown}
 k - a scroll of poison {unknown}
 l - a scroll of enchant weapon {unknown}
 n - a scroll of vulnerability {unknown}
 o - a scroll of summoning {unknown}
Potions
 d - 3 potions of curing {@q1}

Dungeon Overview and Level Annotations

Branches:
Dungeon (3/15)

Altars:

Annotations:
D:3 Grinder

........# #......#
##....### ##.###.# #.#.##
#.....# # #†# #[##### #)#
#.# ##'## #.### ##...##
#...# ##.....##
#####†##### #.......##
#....@....#
.....<(..###....5###.#####
.........+................
.........###....#.##.#####
#.......## #.#.#.## #
##.....## #.###. ∆ ##...##
# #.# ##+## ... ∆ #.#


You could see Grinder.


Message History

You miss the quokka.
The quokka bites you but does no damage.
It was a potion of might.
You feel very mighty all of a sudden. The quokka misses you.
It was a potion of berserk rage.
A red film seems to cover your vision as you go berserk!
You feel yourself moving faster!
You feel mighty! The quokka bites you.
* * * LOW HITPOINT WARNING * * *
You hit the quokka. You drain the quokka.
You kill the quokka!
You closely miss the giant cockroach. The giant cockroach closely misses you.
You puncture the giant cockroach!
You kill the giant cockroach!
You see here a giant cockroach corpse.
You feel a strong urge to attack something.
Grinder closely misses you.
You closely miss Grinder.
Grinder is moderately wounded.
You hit Grinder.
Grinder is moderately wounded.
Grinder gestures at you.
You suddenly lose the ability to move!
You are no longer berserk.
You feel yourself slow down. Grinder hits you.
* * * LOW HITPOINT WARNING * * *
You writhe in agony.
You die...
Grinder says, "Now the real fun starts!"

Skill      XL: |  1  2  3 |
---------------+----------+-----
Dodging        | | 10.4
Fighting       | 1 |  1.1
Short Blades   | 1 |  1.1
Axes           | 1 |  1.1
Maces & Flails | 1 |  1.1
Polearms       | 1 |  1.1
Staves         | 1 |  1.1
Ranged Weapons | 1 |  1.1
Throwing       | 1 |  1.1
Stealth        | 1 |  1.1
Shields        | 1 |  1.1
Unarmed Combat | 1 |  1.1
Spellcasting   | 1 |  1.1
Shapeshifting  | 1 |  1.0
Long Blades    | |  4.6
Armour         | |  2.7
Conjurations   | |  0.8
Hexes          | |  0.8
Summonings     | |  0.8
Necromancy     | |  0.8
Translocations | |  0.8
Transmutations | |  0.8
Fire Magic     | |  0.8
Ice Magic      | |  0.8
Air Magic      | |  0.8
Earth Magic    | |  0.8
Poison Magic   | |  0.8
Invocations    | |  2.8
Evocations     | |  2.7

Action                     |  1- 3 |  4- 6 || total
---------------------------+-------+-------++-------
  Melee: Falchion          |   110 |       ||   110
         Bite              |     7 |     4 ||    11
         Short sword       |    18 |    17 ||    35
         Punch             |       |     1 ||     1
    Use: Potion            |       |     2 ||     2
 Armour: Leather armour    |    66 |    14 ||    80
  Dodge: Dodged            |   110 |    13 ||   123

Levels and vault maps discovered:
D:1:      scummos_arrival_forest, layout_rooms, serial_curves, eino_curves_02,
          eino_curves_01
D:2:      layout_basic, serial_bayou_pond_d
D:3:      layout_loops_corners, nemelex_diamond_rough_becter,
          shapermc_ecumenical_altar_notcrosses, serial_glass, glass_columns_a,
          glass_columns_b, uniq_grinder, uniq_crazy_yiuf_cottage

Notes
Turn   | Place    | Note
-------+----------+-------------------------------------------
     0 | D:1      | Reached skill level 10 in Dodging
     0 | D:1      | AIAndy the Gnoll Wanderer began the quest for the Orb.
     0 | D:1      | AIAndy set off with the following items: a +0 falchion, 2
                  | throwing nets {=f}, a +0 leather armour, a potion of curing
                  | {@q1}, a scroll of fog.
     0 | D:1      | Reached XP level 1. HP: 13/13 MP: 2/2
   102 | D:1      | Reached XP level 2. HP: 17/19 MP: 3/3
   576 | D:2      | Reached XP level 3. HP: 21/25 MP: 4/4
  1120 | D:2      | Reached skill level 1 in Fighting
  1120 | D:2      | Reached skill level 1 in Short Blades
  1120 | D:2      | Reached skill level 1 in Axes
  1120 | D:2      | Reached skill level 1 in Maces & Flails
  1120 | D:2      | Reached skill level 1 in Polearms
  1120 | D:2      | Reached skill level 1 in Staves
  1120 | D:2      | Reached skill level 1 in Ranged Weapons
  1120 | D:2      | Reached skill level 1 in Throwing
  1120 | D:2      | Reached skill level 1 in Stealth
  1120 | D:2      | Reached skill level 1 in Shields
  1120 | D:2      | Reached skill level 1 in Unarmed Combat
  1120 | D:2      | Reached skill level 1 in Spellcasting
  1417 | D:2      | Learned a level 3 spell: Ozocubu's Armour
  1815 | D:3      | Reached skill level 1 in Shapeshifting
  1815 | D:3      | Reached XP level 4. HP: 28/32 MP: 6/6
  1879 | D:3      | Noticed Grinder
  1891 | D:3      | HP: 3/32 [quokka (4)]
  1901 | D:3      | Paralysed by Grinder for 5 turns
  1902 | D:3      | HP: 2/32 [Grinder (2)]
  1902 | D:3      | Slain by Grinder

Vanquished Creatures
  2 adders
  2 bats
  4 endoplasms
  4 giant cockroaches
  4 goblins
  5 hobgoblins
  4 kobolds
  6 quokkas
  2 ball pythons
  5 frilled lizards
  4 rats
42 creatures vanquished.

Table legend: (Time is in decaauts)
 A = Elapsed time spent in this place.
 B = Non-inter-level travel time spent in this place.
 C = Inter-level travel time spent in this place.
 D = Time resting spent in this place.
 E = Time spent auto-exploring this place.
 F = Levels seen in this place.
 G = Mean time per level.
                   A        B        C        D        E       F      G
               +--------+--------+--------+--------+--------+-----+--------+
         Total |   1908 |   1846 |     62 |      0 |   1535 |   3 |  636.0 |
       Dungeon |   1908 |   1846 |     62 |      0 |   1535 |   3 |  636.0 |
               +--------+--------+--------+--------+--------+-----+--------+

Top non-repeatable levels by time:
     D:2: 1251 daAuts
     D:1: 553 daAuts
     D:3: 103 daAuts

Table legend:
 A = Non-vault XP
 B = Vault XP
 C = Vault XP percentage of total XP
 D = Non-vault monster count
 E = Vault monster count
 F = Vault count percentage of total count
                 A         B        C        D         E       F
            +---------+---------+-------+---------+---------+-------
      Total |      96 |       0 |   0.0 |      42 |       0 |   0.0
            +---------+---------+-------+---------+---------+-------
        D:1 |      33 |       0 |   0.0 |      19 |       0 |   0.0
        D:2 |      41 |       0 |   0.0 |      18 |       0 |   0.0
        D:3 |      22 |       0 |   0.0 |       5 |       0 |   0.0
            +---------+---------+-------+---------+---------+-------
